 Dungeon Crawl Stone Soup version 0.20.1-1-g8b1a95d (webtiles) character file.

682 miragecloak the Chopper (level 7, -1/55 HPs)
             Began as a Formicid Monk on Sept 5, 2017.
             Slain by an orc
             ... wielding a +0 falchion
              (5 damage)
             ... on level 6 of the Dungeon.
             The game lasted 00:08:12 (7308 turns).

miragecloak the Chopper (Formicid Monk)             Turns: 7308, Time: 00:08:12

Health: -1/55      AC:  5    Str: 18    XL:     7   Next: 93%
Magic:  7/7        EV: 11    Int:  9    God:
Gold:   165        SH:  7    Dex: 13    Spells: 6/6 levels left

rFire    . . .     SeeInvis +   t - -1 war axe (curse)
rCold    . . .     Gourm    .   a - +2 buckler
rNeg     . . .     Faith    .   k - +0 ring mail
rPois    .         Spirit   .   (helmet unavailable)
rElec    .         Reflect  .   (no cloak)
rCorr    .         Harm     .   (no gloves)
MR       +....                  (no boots)
Stlth    +.........             (no amulet)
Regen    0.2/turn               h - ring of protection from magic
MPRegen  0.1/turn               (no ring)

@: drained
A: permanent stasis, dig shafts and tunnels, four strong arms, antennae 3
a: Dig, Shaft Self


You were on level 6 of the Dungeon.
You were hungry.

You visited 1 branch of the dungeon, and saw 6 of its levels.

You collected 165 gold pieces.

Inventory:

Hand Weapons
 t - a cursed -1 war axe (weapon)
Armour
 a - a +2 buckler (worn)
 k - a +0 ring mail (worn)
Jewellery
 h - a ring of protection from magic (left hand)
Scrolls
 d - 3 scrolls of remove curse {unknown}
 e - 2 scrolls of immolation {unknown}
 m - 2 scrolls of recharging
 o - a scroll of teleportation {unknown}
 p - a scroll of enchant weapon {unknown}
 q - a scroll of magic mapping {unknown}
Potions
 g - a potion of magic {unknown}
 i - a potion of agility {unknown}
 j - a potion of curing
 l - a potion of heal wounds {unknown}
 n - a potion of degeneration {unknown}
 r - a potion of flight {unknown}
 s - a potion of brilliance {unknown}
Books
 b - a book of Cantrips

   Spells                             Type                      Level
   a - Confusing Touch                Hexes                        1
   b - Animate Skeleton               Necromancy                   1
   c - Summon Small Mammal            Summoning                    1
   d - Apportation                    Translocation                1
 v - a book of Misfortune

   Spells                             Type                      Level
   a - Confusing Touch                Hexes                        1
   b - Confuse                        Hexes                        3
   c - Gell's Gravitas                Translocation                3
   d - Petrify                        Transmutation/Earth          4
   e - Metabolic Englaciation         Hexes/Ice                    5
   f - Yara's Violent Unravelling     Hexes/Transmutation          5
Comestibles
 c - 2 bread rations
 f - 4 royal jellies
 u - 8 fruits


   Skills:
 - Level 4.7(4.5) Fighting
 + Level 6.3(6.0) Axes
 - Level 3.0(2.8) Armour
 - Level 2.6(2.4) Dodging
 - Level 2.4(2.1) Stealth
 - Level 4.3(4.0) Shields


You had 6 spell levels left.
You didn't know any spells.

Dungeon Overview and Level Annotations

Branches:
Dungeon (5/15)
 Temple: D:4-7

Altars:
Ashenzari
Dithmenos
Elyvilon
Uskayaw
Zin

Annotations:
D:3 Feta's ghost, amateur GrGl
D:4 Eustachio; Sigmund


Innate Abilities, Weirdness & Mutations

You cannot be hasted, slowed, berserked, paralysed or teleported.
You can dig through walls and to a lower floor.
Your four strong arms can wield two-handed weapons with a shield.
You have a pair of large antennae on your head. (SInv)


Message History

You dig through the rock wall.
You retract your mandibles.
You closely miss the orc. You block the orc's attack.
You closely miss the orc.
The orc hits you with a short sword of draining.
* * * LOW HITPOINT WARNING * * *
You feel drained.
You slash the orc!
You kill the orc!
You start resting.
An orc comes into view. It is wielding a falchion.
The orc shouts!
You hit the orc.
The orc is heavily wounded.
The orc hits you with a falchion.
* * * LOW HITPOINT WARNING * * *
You barely miss the orc.
The orc is heavily wounded.
The orc hits you with a falchion.
You die...

##.# ##... ....
#..# #..#### .#
#..##@###.!#
###..###o....#
#...o....##.##
.....#.####.#
### #.# #.#
#.####.#
#...#..?
#..{.......#
.......{..#..##


You could see an orc.

Vanquished Creatures
  An ice beast (D:5)
  A centaur (D:5)
  Blork the orc (D:4)
  A scorpion (D:4)
  A hound (D:4)
  An orc priest (D:5)
  A bullfrog skeleton (D:4)
  An orc wizard (D:3)
  2 worker ants (D:4)
  An iguana (D:4)
  6 adders
  3 gnolls
  2 oozes (D:1)
  A worm (D:2)
  4 dart slugs
  3 leopard geckos
  12 orcs
  2 giant cockroaches
  10 goblins
  9 hobgoblins
  2 jackals (D:5)
  2 quokkas
  A ball python (D:2)
  12 bats
  2 frilled lizards
  9 kobolds
  A quokka skeleton (D:4)
  9 rats
101 creatures vanquished.

Notes
Turn   | Place    | Note
-------+----------+-------------------------------------------
     0 | D:1      | miragecloak the Formicid Monk began the quest for the Orb.
     0 | D:1      | Reached XP level 1. HP: 18/18 MP: 1/1
    54 | D:1      | Reached XP level 2. HP: 24/24 MP: 2/2
   448 | D:1      | Reached skill level 4 in Axes
   448 | D:1      | Reached XP level 3. HP: 24/29 MP: 3/3
  1588 | D:2      | Reached XP level 4. HP: 28/35 MP: 4/4
  2034 | D:2      | Reached skill level 5 in Axes
  2779 | D:2      | Reached skill level 1 in Armour
  2779 | D:2      | Reached XP level 5. HP: 35/41 MP: 5/5
  2935 | D:2      | Found a glowing silver altar of Zin.
  2936 | D:2      | Found a white marble altar of Elyvilon.
  2938 | D:2      | Found a hide-covered altar of Uskayaw.
  2938 | D:2      | Found a shadowy altar of Dithmenos.
  3361 | D:3      | Found a faded altar of an unknown god.
  3612 | D:3      | Noticed Feta's ghost (amateur GrGl)
  4115 | D:3      | HP: 1/41 [Feta's ghost (12)]
  5119 | D:4      | Reached XP level 6. HP: 40/47 MP: 6/6
  6190 | D:4      | Noticed Sigmund
  6381 | D:4      | Reached XP level 7. HP: 40/53 MP: 7/7
  6398 | D:4      | Noticed Blork the orc
  6409 | D:4      | HP: 2/53 [Blork the orc/magic dart (7)]
  6427 | D:4      | Killed Blork the orc
  6668 | D:4      | Noticed Eustachio
  6701 | D:5      | Entered Level 5 of the Dungeon
  7152 | D:5      | Reached skill level 6 in Axes
  7267 | D:5      | Found a shattered altar of Ashenzari.
  7272 | D:5      | You fall through a shaft!
  7308 | D:6      | Slain by an orc

Skill      XL: |  1  2  3  4  5  6  7 |
---------------+----------------------+-----
Axes           | 4 5 6 |  6.3
Armour         | 1 3 |  3.0
Shields        | 2 4 |  4.3
Fighting       | 4 |  4.7
Dodging        | |  2.6
Stealth        | |  2.4

Action                   |  1- 3 |  4- 6 |  7- 9 || total
-------------------------+-------+-------+-------++-------
Melee: Hand axe          |    85 |   126 |       ||   211
       War axe           |       |   151 |    91 ||   242
 Abil: Dig               |       |     2 |     3 ||     5
       Shaft Self        |       |       |     1 ||     1
  Use: Potion            |     1 |     1 |     4 ||     6
       Scroll            |       |     3 |       ||     3
 Stab: Sleeping          |     2 |     2 |       ||     4
  Eat: Bread ration      |     1 |       |       ||     1
       Chunk             |       |    13 |     3 ||    16
Armor: Robe              |    17 |       |       ||    17
       Ring mail         |       |    75 |    12 ||    87
       Skin              |       |       |    18 ||    18
Dodge: Dodged            |    76 |   164 |    60 ||   300
Block: Buckler           |       |    39 |    36 ||    75
